 Dungeon Crawl Stone Soup version 0.25-a0-67-g7dccc1bee0 (webtiles) character file.

Game seed: 13754071239757786722, levelgen mode: deterministic

970 Amnesiac the Chucker (level 7, -11/70 HPs)
             Began as a Troll Hunter on Oct 30, 2019.
             Mangled by an orc wizard
             ... wielding a +1 dagger of electrocution
              (18 damage)
             ... on level 3 of the Dungeon on Nov 1, 2019.
             The game lasted 00:12:14 (2322 turns).

Amnesiac the Chucker (Troll Hunter)                 Turns: 2322, Time: 00:12:15

Health: -11/70     AC:  6    Str: 23    XL:     7   Next: 94%
Magic:  6/6        EV: 11    Int:  7    God:
Gold:   191        SH:  0    Dex: 10    Spells: 6/6 levels left

rFire    . . .     SeeInvis .   (no weapon)
rCold    . . .     Gourm    +   (no shield)
rNeg     . . .     Faith    .   b - +0 robe
rPois    .         Spirit   .   (helmet restricted)
rElec    .         Reflect  .   (no cloak)
rCorr    .         Harm     +   (gloves unavailable)
MR       .....                  (boots unavailable)
Stlth    +.........             o - amulet of harm
HPRegen  0.61/turn              (no ring)
MPRegen  0.10/turn              (no ring)

@: no status effects
A: large, unfitting armour, claws 3, fast metabolism 3, gourmand, regeneration
1, shaggy fur 1, tough skin 3
a: no special abilities


You were on level 3 of the Dungeon.
You were completely stuffed.

You visited 1 branch of the dungeon, and saw 4 of its levels.
You also visited: Ossuary.

You collected 191 gold pieces.

Inventory:

Hand Weapons
 a - a +0 dagger of venom
Missiles
 d - 2 throwing nets
 k - 24 stones
 l - 13 sling bullets
 v - a large rock (quivered)
 x - 3 boomerangs
Armour
 b - a +0 robe (worn)
Jewellery
 o - an amulet of harm (around neck)
Wands
 c - a wand of flame (11)
Scrolls
 e - 2 scrolls of identify {!r}
 h - a scroll of teleportation {!r}
 m - a scroll of remove curse {!r}
 n - a scroll of enchant armour {!r}
 w - a scroll of immolation {!r, unknown}
Potions
 g - a potion of haste {!q}
 i - 4 potions of degeneration {!q, unknown}
 j - 4 potions of heal wounds {!q, unknown}
 p - 3 potions of brilliance {!q, unknown}
 q - a potion of agility {!q, unknown}
 r - 3 potions of curing {!q, unknown}
 s - 2 potions of might {!q, unknown}
 t - a potion of flight {!q}
 u - a potion of ambrosia {!q}
Comestibles
 f - 6 rations


   Skills:
 + Level 4.0 Fighting
 * Level 7.0 Throwing
 + Level 4.0 Dodging
 - Level 0.3 Stealth


You had 6 spell levels left.
You didn't know any spells.
Your spell library was empty.

Dungeon Overview and Level Annotations

Branches:
Dungeon (4/15)            Ossuary (visited)
 Temple: D:4-7

Altars:
Elyvilon
Zin


Innate Abilities, Weirdness & Mutations

You are too large for most types of armour.
You have claws for hands.
Your metabolism is lightning-fast.
You like to eat raw meat.
Your natural rate of healing is unusually fast.
You are covered in fur. (AC +1)
You have extremely tough skin. (AC +3)


Message History

Throwing (i - inventory. (/) - cycle)
k - 29 stones (quivered)
Press: ? - help, Shift-Dir - straight line You throw a stone.
Throwing (i - inventory. (/) - cycle)
k - 28 stones (quivered)
Press: ? - help, Shift-Dir - straight line You throw a stone.
Throwing (i - inventory. (/) - cycle)
k - 27 stones (quivered)
Press: ? - help, Shift-Dir - straight line You can't see that place. [Stash: a stone] [the floor.]
You can't see that place.
Okay, then.
Unknown command.
Throwing (i - inventory. (/) - cycle)
k - 27 stones (quivered)
Press: ? - help, Shift-Dir - straight line You can't see that place. [Stash: a stone] [the floor.]
You can't see that place.
Okay, then.
Throwing (i - inventory. (/) - cycle)
k - 27 stones (quivered)
Press: ? - help, Shift-Dir - straight line, f - orc
Aim: an orc, wielding a +0 whip You throw a stone.
The stone closely misses the orc.
Throwing (i - inventory. (/) - cycle)
k - 26 stones (quivered)
Press: ? - help, Shift-Dir - straight line, f/p - orc
Aim: an orc, wielding a +0 whip You throw a stone.
The stone closely misses the orc.
Something hits you but does no damage.
Throwing (i - inventory. (/) - cycle)
k - 25 stones (quivered)
Press: ? - help, Shift-Dir - straight line, f/p - orc
Aim: an orc, wielding a +0 whip You throw a stone.
The stone hits the orc!
You kill the orc!
Something hits you.
You are electrocuted!
A magic dart appears from out of thin air!
The magic dart hits you! Something hits you but does no damage.
Quiver which item? (- for none, * to show all) (? for menu, Esc to quit)
Quivering
v - 4 large rocks for throwing.
Throwing (i - inventory. (/) - cycle)
v - 4 large rocks (quivered)
Press: ? - help, Shift-Dir - straight line You throw a large rock.
You hear some strange, mumbled words.
A magic dart appears from out of thin air!
The magic dart hits you!
* * * LOW HITPOINT WARNING * * *
Throwing (i - inventory. (/) - cycle)
v - 3 large rocks (quivered)
Press: ? - help, Shift-Dir - straight line You throw a large rock.
Something hits you but does no damage.
You hear some strange, mumbled words.
A puff of flame appears from out of thin air!
The puff of flame misses you.
Throwing (i - inventory. (/) - cycle)
v - 2 large rocks (quivered)
Press: ? - help, Shift-Dir - straight line You throw a large rock.
Something hits you but does no damage.
You are electrocuted!!
* * * LOW HITPOINT WARNING * * *
Something hits you.
* * * LOW HITPOINT WARNING * * *
You are electrocuted!
You die...

.................##.#####.#...#
.............##.....#<....#.
.............##..............
..............#...###....###.
...........[..#..#...#..#...
.............)...#.⌠.#..# ⌠.#
.............#...#...#≈≈# .#
.............#.>.≈###≈≈≈≈ ≈
..........[.@#....≈≈≈≈≈≈≈≈
............{#....≈≈≈≈≈≈≈≈l
.s...........#...≈###≈≈≈≈#
................#...#≈≈#.
...........$...#.⌠.#
..............# ..#
..............###.
........(.......
...[....(.......#


There were no monsters in sight!

Vanquished Creatures
  Eustachio (D:4)
  Menkaure (D:4)
  A phantom (D:4)
  An ogre (D:4)
  3 water moccasin zombies (Ossuary)
  A hound (D:4)
  An orc priest (D:3)
  An orc wizard (D:4)
  A worker ant (D:4)
  Natasha (thrice) (D:4)
  A big kobold zombie (Ossuary)
  2 mummies (Ossuary)
  5 adders
  7 adder zombies (Ossuary)
  5 leopard geckos
  7 orcs
  A bat (D:2)
  5 giant cockroaches
  8 goblins
  4 hobgoblins
  A quokka (D:4)
  A ball python (D:2)
  2 frilled lizards (D:2)
  5 hobgoblin zombies (Ossuary)
  3 kobolds
  4 kobold zombies (Ossuary)
  A leopard gecko skeleton (D:4)
  5 orc zombies (Ossuary)
  6 rats
87 creatures vanquished.

Notes
Turn   | Place    | Note
-------+----------+-------------------------------------------
     0 | D:1      | Amnesiac the Troll Hunter began the quest for the Orb.
     0 | D:1      | Reached XP level 1. HP: 19/19 MP: 0/0
   193 | D:2      | Reached XP level 2. HP: 28/28 MP: 1/1
   339 | D:2      | Reached skill level 4 in Throwing
   612 | D:2      | Reached XP level 3. HP: 35/35 MP: 2/2
   613 | D:2      | Upgraded the game from 0.25-a0-62-g88673ef095 to
                  | 0.25-a0-67-g7dccc1bee0
   979 | D:3      | Reached XP level 4. HP: 32/42 MP: 3/3
  1011 | D:4      | Noticed a phantom
  1053 | D:4      | Killed a phantom
  1053 | D:4      | Reached skill level 5 in Throwing
  1053 | D:4      | Reached XP level 5. HP: 33/50 MP: 4/4
  1091 | D:4      | Found a glowing silver altar of Zin.
  1093 | D:4      | Noticed Natasha
  1105 | D:4      | Killed Natasha
  1133 | D:4      | Found a white marble altar of Elyvilon.
  1158 | D:4      | Found a sand-covered staircase.
  1166 | Ossuary  | Entered an ossuary
  1230 | Ossuary  | Reached XP level 6. HP: 59/59 MP: 5/5
  1625 | D:4      | Reached skill level 6 in Throwing
  1625 | D:4      | Reached XP level 7. HP: 37/67 MP: 6/6
  1719 | D:4      | Noticed Eustachio
  1835 | D:4      | Killed Eustachio
  1926 | D:4      | Noticed Menkaure
  1929 | D:4      | Noticed Natasha
  1943 | D:4      | Killed Natasha
  1947 | D:4      | Killed Menkaure
  2000 | D:4      | Noticed Natasha
  2006 | D:4      | Killed Natasha
  2188 | D:4      | Reached skill level 7 in Throwing
  2322 | D:3      | Mangled by an orc wizard

Levels and vault maps discovered:
D:1:      kennysheep_arrival_seaside, layout_basic
D:2:      minmay_chambers_of_twos, layout_basic,
          nemelex_xobeh_ov_fountains_minmay, nicolae_overflow_hidden_temple,
          grunt_qazlal_sundering, minmay_tripent
D:3:      layout_basic, fountainhead, uniq_jessica
D:4:      wad_crossroads, layout_basic, elyvilon_altar_5,
          nicolae_ossuary_entry_monument, lemuel_tele_altar, uniq_menkaure,
          uniq_eustachio, uniq_natasha

Skill      XL: |  1  2  3  4  5  6  7 |
---------------+----------------------+-----
Throwing       | 4 5 6 7 |  7.0
Dodging        | 2 3 4 |  4.0
Fighting       | 2 3 4 |  4.0
Stealth        | |  0.3

Action                   |  1- 3 |  4- 6 |  7- 9 || total
-------------------------+-------+-------+-------++-------
Melee: Unarmed           |    15 |   169 |    26 ||   210
       Short sword       |    12 |       |       ||    12
       Dagger            |    89 |    19 |       ||   108
Throw: Stone             |     1 |    49 |    65 ||   115
       Large rock        |       |     3 |    13 ||    16
  Use: Scroll            |       |       |     5 ||     5
 Stab: Sleeping          |     3 |       |       ||     3
  Eat: Chunk             |    14 |     3 |    10 ||    27
Armor: Robe              |    39 |    50 |    25 ||   114
Dodge: Dodged            |    65 |    68 |    24 ||   157

Table legend:
 A = Non-vault XP
 B = Vault XP
 C = Vault XP percentage of total XP
 D = Non-vault monster count
 E = Vault monster count
 F = Vault count percentage of total count
                 A         B        C        D         E       F
            +---------+---------+-------+---------+---------+-------
      Total |     598 |     788 |  56.9 |      45 |      42 |  48.3
            +---------+---------+-------+---------+---------+-------
        D:1 |      11 |       0 |   0.0 |       7 |       0 |   0.0
        D:2 |      17 |      15 |  46.9 |       9 |      10 |  52.6
        D:3 |      82 |       0 |   0.0 |      10 |       0 |   0.0
        D:4 |     488 |     425 |  46.5 |      19 |       5 |  20.8
    Ossuary |       0 |     348 | 100.0 |       0 |      27 | 100.0
            +---------+---------+-------+---------+---------+-------
